AoeStats
← DAN13L

African Clearing

510458052Analyzed
2v2 RM · 2d ago on Oct 1, 2026· 48m 29s· 4 players
Game mode
Random Map
Map size
Medium (4 player)
Population
200
Speed
Normal
Resources
Standard
Victory
Conquest
Starting age
Dark Age
Ending age
Imperial Age
RankedLock teamsTeams togetherTeam positionsShared explorationLock speedFull tech treeHidden civsTurbo modeCheats
Victory
Defeat
🇺🇸 Italians · United States
1092
+15
🇨🇴 Saracens · Colombia
1068
+15
🇲🇽 Mongols · Mexico
1059
-15
🇦🇷 Mapuche · Argentina
1059
-15
DAN13L
10:10 Loom
12:26 Feudal Age
17:27 Castle Age
17:21 Double-Bit Axe
18:18 Fletching
22:21 Horse Collar
23:22 Bodkin Arrow
28:35 Husbandry
30:19 Gold Mining
32:47 Wheelbarrow
32:15 Padded Archer Armor
33:29 Thumb Ring
33:37 Bloodlines
34:37 Ballistics
34:49 Leather Archer Armor
37:20 Hand Cart
38:54 Bow Saw
38:57 Elite Skirmisher
40:54 Town Watch
41:24 Forging
43:34 Scale Mail Armor
44:44 Masonry
49:05 Iron Casting
49:05 Scale Barding Armor
3ms
14:10 Feudal Age
14:52 Double-Bit Axe
18:44 Castle Age
17:04 Stone Mining
17:51 Gold Mining
20:44 Bow Saw
22:00 Loom
25:39 Forging
27:24 Wheelbarrow
29:03 Hand Cart
28:34 Town Watch
34:50 Iron Casting
38:00 Horse Collar
38:56 Gold Shaft Mining
40:03 Fletching
40:13 Padded Archer Armor
45:39 Imperial Age
44:48 Crossbowman
47:51 Pikeman
fingerless7597
11:07 Loom
13:42 Feudal Age
17:35 Castle Age
16:12 Stone Mining
16:11 Double-Bit Axe
16:08 Horse Collar
16:42 Gold Mining
17:39 Wheelbarrow
20:00 Fletching
20:29 Padded Archer Armor
21:04 Bow Saw
25:10 Town Watch
30:32 Stone Shaft Mining
30:53 Bodkin Arrow
31:47 Leather Archer Armor
32:02 Ballistics
33:07 Hand Cart
33:43 Thumb Ring
36:55 Imperial Age
35:26 Heavy Plow
37:02 Town Patrol
37:40 Bracer
38:39 Ring Archer Armor
39:21 Chemistry
39:29 Conscription
42:36 Crop Rotation
43:08 Two-Man Saw
43:09 Forging
43:04 Scale Barding Armor
43:33 Husbandry
43:44 Bloodlines
42:54 Light Cavalry
43:02 Elite Genoese Crossbowman
43:56 Pirotechnia
47:33 Iron Casting
47:18 Chain Barding Armor
46:46 Hussar
49:20 Blast Furnace
archarry86
11:06 Loom
13:27 Feudal Age
13:54 Double-Bit Axe
22:31 Castle Age
23:45 Wheelbarrow
23:05 Horse Collar
31:55 Hand Cart
40:39 Bow Saw
42:09 Town Watch
43:19 Scale Barding Armor
Connection lost

Rejoining the realm…

Still unreachable

The connection could not be restored.

Session expired

The server has moved on; the page needs a fresh start.